 Dungeon Crawl Stone Soup version 0.30-a0-1160-g6e42c06551 (webtiles) character file.

Game seed: 4187074846227991554

823 Ethinn the Shield-Bearer (level 8, 0/54 HPs)
             Began as a Formicid Fighter on Apr 26, 2023.
             Was a Follower of Hepliaklqana.
             Splashed by a jelly's acid (7 damage)
             ... on level 5 of the Dungeon.
             The game lasted 00:31:07 (3741 turns).

Ethinn the Shield-Bearer (Formicid Fighter)         Turns: 3741, Time: 00:31:10

Health: 0/54       AC: -2    Str: 26    XL:     8   Next: 17%
Magic:  8/8        EV: 11    Int: 14    God:    Hepliaklqana [*.....]
Gold:   271        SH:  5    Dex: 15    Spells: 7/7 levels left

rFire   . . .        I - +10 quarterstaff of Girimosh {flame, Str+5 SInv}
rCold   . . .        q - +0 buckler
rNeg    . . .        (no body armour)
rPois   .            (helmet unavailable)
rElec   .            (no cloak)
rCorr   .            (no gloves)
SInv    +            v - +0 pair of boots
Will    .....        (no amulet)
Stlth   +            b - +6 ring of intelligence
HPRegen 0.29/turn    (no ring)
MPRegen 0.11/turn

%: no passive effects
@: corroded
A: reduced essence, permanent stasis, dig shafts and tunnels, antennae 3, four
strong arms
a: Dig, Shaft Self, Renounce Religion, Recall Ancestor, Ancestor Identity


You were on level 5 of the Dungeon.
You worshipped Hepliaklqana.
Hepliaklqana was aware of your devotion.
You visited 1 branch of the dungeon, and saw 5 of its levels.

You collected 271 gold pieces.

Inventory:

Hand Weapons
 h - a +0 whip of draining
 k - a +2 dire flail of venom
 l - a +0 halberd
 m - a +0 falchion
 n - a +1 short sword of draining
 I - the +10 quarterstaff of Girimosh (weapon) {flame, Str+5 SInv}
   (You found it on level 3 of the Dungeon)

   Str:       It affects your strength (+5).
   SInv:      It lets you see invisible.
 L - a +0 scythe
 N - a +0 long sword
 P - a +0 whip
Missiles
 s - 11 poisoned darts
Armour
 e - a +0 chain mail
 i - a +0 scale mail
 q - a +0 buckler (worn)
 v - a +0 pair of boots (worn)
 x - a +0 plate armour
 y - a +0 scale mail
 R - a +0 leather armour
 U - a +0 chain mail
Jewellery
 b - a +6 ring of intelligence (left hand)
Wands
 K - a wand of flame (4) (quivered)
Scrolls
 g - a scroll of fog {unknown}
 j - a scroll of silence {unknown}
 o - a scroll of torment {unknown}
 p - 2 scrolls of teleportation {unknown}
 t - 2 scrolls of amnesia {unknown}
 u - a scroll of enchant weapon {unknown}
 w - 5 scrolls of identify {unknown}
 F - 2 scrolls of magic mapping {unknown}
 G - a scroll of brand weapon {unknown}
Potions
 a - a potion of haste
 c - 2 potions of ambrosia {unknown}
 d - 3 potions of might
 f - a potion of heal wounds
 r - 2 potions of curing {unknown}
 A - a potion of resistance {unknown}
 B - a potion of berserk rage {unknown}
 O - 2 potions of brilliance {unknown}


   Skills:
 + Level 4.8 Fighting
 + Level 3.9(5.0) Polearms
 + Level 4.7(5.4) Staves
 + Level 5.3 Armour
 + Level 1.4 Dodging
 + Level 5.5 Shields


You had 7 spell levels left.
You didn't know any spells.
Your spell library was empty.

Dungeon Overview and Level Annotations

Branches:
Dungeon (5/15)
 Temple: D:4-7

Altars:
Elyvilon
Hepliaklqana
Nemelex Xobeh
Qazlal
Sif Muna
Uskayaw
Wu Jian
Xom
Yredelemnul
The Shining One

Annotations:
D:5 Grinder


Innate Abilities, Weirdness & Mutations

Your life essence is reduced to manifest your ancestor. (-10% HP)
You cannot be hasted, slowed, berserked, paralysed or teleported.
You can dig through walls and to a lower floor.
You have a pair of large antennae on your head. (SInv)
Your four strong arms can wield two-handed weapons with a shield.


Message History

Things that are here:
a +0 whip; 3 boomerangs of dispersal Grinder blinks!
You swap places.
Found a stone staircase leading up.
Grinder blinks!
Found a stone staircase leading down.
A jelly comes into view.
The jelly quivers.
You see here a +0 plate armour.
x - a +0 plate armour You start removing your armour.
You continue taking off your +0 chain mail.
Grinder says, "Tell me all your secrets, or I'll kill you."
You continue taking off your +0 chain mail.
Grinder says, "Just stop there for a second..."
Rabi barely misses Grinder.
You continue taking off your +0 chain mail.
Rabi hits Grinder.
You continue taking off your +0 chain mail.
The jelly misses you.
Rabi closely misses Grinder.
You finish taking off your +0 chain mail.
You start putting on your armour.
You continue putting on your +0 plate armour.
The jelly hits you but does no damage.
Keep equipping yourself?
Grinder hits you!
You writhe in agony.
Rabi hits Grinder.
You continue putting on your +0 plate armour.
The jelly hits you.
You are splashed with acid!
Grinder hits you!
* * * LOW HITPOINT WARNING * * *
You writhe in agony.
* * * LOW HITPOINT WARNING * * *
Rabi barely misses Grinder.
You continue putting on your +0 plate armour.
The jelly barely misses you. Grinder hits you.
* * * LOW HITPOINT WARNING * * *
Rabi hits Grinder.
You continue putting on your +0 plate armour.
The jelly hits you.
* * * LOW HITPOINT WARNING * * *
The acid corrodes you!
You are splashed with acid!
You die...

#.. . ####..#.######
...... ... .. .. .....
.....## .### #..# #.##..
$.### #..###.##.# #....
#R...#.##.# #.#^#
#.5....)..# #....
#J@..#.#..# #.#.#
.........##.#..#####.)..
........<...#......).#.#
.>####.#.####.###.####†#
. #.#.# #.##..# #.#
##.#.# #.##.## #.#
###....####.##.# #.#
........ ..##.# #.#
#.....######.# #.#


You could see the friendly Rabi the ancestor, Grinder (ally target) and a jelly.

Vanquished Creatures
  Sigmund (D:3)
  Edmund (D:4)
  2 bullfrogs
  An iguana (D:5)
  2 orc wizards
  7 adders
  11 gnolls (D:4)
  2 shadow imps (D:5)
  2 worms
  A dart slug (D:4)
  15 orcs
  11 endoplasms
  4 giant cockroaches
  8 goblins
  8 hobgoblins
  2 jackals (D:4)
  5 kobolds
  7 quokkas
  8 ball pythons
  5 bats
  2 frilled lizards (D:3)
  4 rats
109 creatures vanquished.

Vanquished Creatures (collateral kills)
  A hound (D:5)
  An orc (D:5)
  An endoplasm (D:4)
  A hobgoblin (D:4)
4 creatures vanquished.

Grand Total: 113 creatures vanquished

Notes
Turn   | Place    | Note
-------+----------+-------------------------------------------
     0 | D:1      | Ethinn the Formicid Fighter began the quest for the Orb.
     0 | D:1      | Reached XP level 1. HP: 18/18 MP: 1/1
   167 | D:1      | Reached XP level 2. HP: 24/24 MP: 2/2
   314 | D:1      | Reached XP level 3. HP: 30/30 MP: 3/3
   934 | D:2      | Reached XP level 4. HP: 16/37 MP: 4/4
  1059 | D:2      | Found a hazy altar of Hepliaklqana.
  1111 | D:2      | Became a worshipper of Hepliaklqana the Forgotten
  1548 | D:2      | Found a faded altar of an unknown god.
  1665 | D:3      | Identified the +10 quarterstaff of Girimosh {flame, Str+5
                  | SInv}
  1675 | D:3      | Noticed Sigmund
  1882 | D:3      | Killed Sigmund
  1883 | D:3      | Reached skill level 1 in Staves
  1883 | D:3      | Reached skill level 5 in Shields
  1883 | D:3      | Reached XP level 5. HP: 25/42 MP: 5/5
  1883 | D:3      | Reached XP level 6. HP: 29/48 MP: 6/6
  2324 | D:3      | Reached skill level 1 in Dodging
  2517 | D:4      | Reached * piety under Hepliaklqana
  2598 | D:4      | Reached XP level 7. HP: 49/49 MP: 7/7
  2797 | D:4      | Noticed Edmund
  2808 | D:4      | Killed Edmund
  2809 | D:4      | Reached skill level 5 in Armour
  3209 | D:4      | Found a basalt altar of Yredelemnul.
  3217 | D:4      | Found a white marble altar of Elyvilon.
  3218 | D:4      | Found a glowing golden altar of the Shining One.
  3218 | D:4      | Found a shimmering blue altar of Sif Muna.
  3218 | D:4      | Found an ornate altar of the Wu Jian Council.
  3218 | D:4      | Found a stormy altar of Qazlal.
  3219 | D:4      | Found a shimmering altar of Xom.
  3220 | D:4      | Found a sparkling altar of Nemelex Xobeh.
  3231 | D:4      | Found a hide-covered altar of Uskayaw.
  3620 | D:5      | Entered Level 5 of the Dungeon
  3630 | D:5      | Reached XP level 8. HP: 54/54 MP: 8/8
  3718 | D:5      | Noticed Grinder
  3741 | D:5      | Splashed by a jelly's acid

Illustrated notes

Levels and vault maps discovered:
D:1:      ncdulo_wetmaze, layout_loops_cross
D:2:      layout_rooms, basic_altar, hellmonk_ecumenical_altar_zigzags,
          hangedman_glass_teeth
D:3:      layout_basic, fountainhead, uniq_sigmund
D:4:      layout_loops_ring, minitemple, uniq_edmund
D:5:      layout_loops_ring, uniq_grinder

Skill      XL: |  1  2  3  4  5  6  7 |
---------------+----------------------+-----
Polearms       | 3 |  3.9
Fighting       | 4 |  4.8
Staves         | 1 2 4 |  4.7
Armour         | 4 5 |  5.3
Shields        | 5 |  5.5
Dodging        | 1 |  1.4

Action                     |  1- 3 |  4- 6 |  7- 9 || total
---------------------------+-------+-------+-------++-------
  Melee: Trident           |    83 |    58 |       ||   141
         Quarterstaff      |       |    62 |    61 ||   123
 Armour: Chain mail        |    58 |    68 |    25 ||   151
         Scale mail        |     4 |       |       ||     4
         Skin              |       |       |     1 ||     1
  Dodge: Dodged            |    39 |    53 |    21 ||   113
  Block: Buckler           |    24 |    32 |    14 ||    70

Table legend: (Time is in decaauts)
 A = Elapsed time spent in this place.
 B = Non-inter-level travel time spent in this place.
 C = Inter-level travel time spent in this place.
 D = Time resting spent in this place.
 E = Time spent auto-exploring this place.
 F = Levels seen in this place.
 G = Mean time per level.
                   A        B        C        D        E       F      G
               +--------+--------+--------+--------+--------+-----+--------+
         Total |   3787 |   3589 |    198 |    435 |   1335 |   5 |  757.4 |
       Dungeon |   3787 |   3589 |    198 |    435 |   1335 |   5 |  757.4 |
               +--------+--------+--------+--------+--------+-----+--------+

Top non-repeatable levels by time:
     D:4: 1134 daAuts
     D:2: 875 daAuts
     D:1: 866 daAuts
     D:3: 788 daAuts
     D:5: 122 daAuts
